 Dungeon Crawl Stone Soup version 0.29-a0-321-gf1c400731a (webtiles) character file.

Game seed: 4565766665546477258

3022 Morbidden the Grappler (level 9, -9/83 HPs)
             Began as a Troll Gladiator on Apr 3, 2022.
             Was an Elder of Cheibriados.
             Mangled by a two-headed ogre
             ... wielding a +0 giant club
              (16 damage)
             ... on level 8 of the Dungeon.
             The game lasted 00:07:10 (7325 turns).

Morbidden the Grappler (Troll Gladiator)            Turns: 7325, Time: 00:07:11

Health: -9/83      AC:  8    Str: 33    XL:     9   Next: 55%
Magic:  11/11      EV: 13    Int: 17    God:    Cheibriados [****..]
Gold:   249        SH:  0    Dex: 20    Spells: 10/12 levels left

rFire   + . .      SeeInvis .     - Unarmed
rCold   + . .      Faith    .   (no shield)
rNeg    . . .      Spirit   .   r - +2 robe {rC+ rF+}
rPois   .          Reflect  .   b - +0 hat
rElec   .          Harm     .   g - +1 cloak
rCorr   +          Rampage  .   (gloves unavailable)
Will    .....                   (boots unavailable)
Stlth   ++........              i - amulet of the acrobat
HPRegen 1.03/turn               k - ring of resist corrosion
MPRegen 0.12/turn               p - +4 ring of slaying

@: unable to read, very slow
A: large, unfitting armour, claws 3, regeneration 1, shaggy fur 1, tough skin 1,
inability to read while threatened
a: Renounce Religion, Bend Time, Temporal Distortion, Slouch


You were on level 8 of the Dungeon.
You worshipped Cheibriados.
Cheibriados was greatly pleased with you.
You visited 2 branches of the dungeon, and saw 9 of its levels.

You collected 249 gold pieces.

Inventory:

Missiles
 c - 5 throwing nets
 d - a large rock
 u - 3 boomerangs (quivered)
 y - a curare-tipped dart
 B - 3 boomerangs of dispersal
Armour
 b - a +0 hat (worn)
 g - a +1 cloak (worn)
 r - a +2 robe of resistance (worn)
 v - the +1 robe of Vuff {MP+9}
   (You found it on level 2 of the Dungeon)

   MP:        It affects your magic capacity (+9).
Jewellery
 i - an amulet of the acrobat (around neck)
 k - a ring of resist corrosion (left claw)
 n - a ring of positive energy
 o - a ring of fire
 p - a +4 ring of slaying (right claw)
Wands
 C - a wand of polymorph (2)
Scrolls
 e - 2 scrolls of enchant weapon
 h - 2 scrolls of summoning
 j - a scroll of fear
 l - 6 scrolls of teleportation
 m - 6 scrolls of identify
 q - 4 scrolls of noise
Potions
 a - a potion of might {unknown}
 f - a potion of curing
 s - a potion of attraction {unknown}
 t - 2 potions of mutation
 w - a potion of heal wounds {unknown}
 z - 2 potions of haste {unknown}
 A - a potion of brilliance {unknown}
 D - 2 potions of cancellation {unknown}


   Skills:
 * Level 3.4 Fighting
 + Level 2.1 Throwing
 * Level 5.1 Dodging
 + Level 1.0 Stealth
 * Level 9.2 Unarmed Combat
 * Level 2.2 Spellcasting
 * Level 2.0 Transmutations
 * Level 2.3 Poison Magic
 * Level 3.4 Invocations


You had 10 spell levels left.
You knew the following spells:

 Your Spells              Type           Power      Damage    Failure   Level
a - Sting                 Tmut/Pois      36%        1d4       8%          1
z - Beastly Appendage     Tmut           16%        N/A       9%          1

Your spell library contained the following spells:

 Spells                   Type           Power      Damage    Failure   Level
 Wereblood                Tmut           8%         N/A       12%         2
 Animate Skeleton         Necr           2%         N/A       19%         1
 Apportation              Tloc           2%         N/A       19%         1
 Freeze                   Ice            4%         1d3       19%         1
 Pain                     Necr           4%         1d4       19%         1
 Summon Small Mammal      Summ           4%         N/A       19%         1
 Poisonous Vapours        Pois/Air       10%        N/A       19%         2
 Spider Form              Tmut/Pois      9%         N/A       24%         3
 Scorch                   Fire           2%         2d5       28%         2
 Ignite Poison            Fire/Tmut/Pois 6%         N/A       30%         3
 Call Canine Familiar     Summ           1%         N/A       50%         3
 Conjure Flame            Conj/Fire      1%         6-21      50%         3
 Frozen Ramparts          Ice            2%         1d2       50%         3
 Summon Guardian Golem    Hex/Summ       1%         N/A       50%         3
 Vampiric Draining        Necr           1%         2d6       50%         3
 Olgreb's Toxic Radiance  Pois           9%         N/A       58%         4
 Flame Wave               Conj/Fire      1%         2d4       88%         4
 Hailstorm                Conj/Ice       1%         3d3       88%         4
 Sticky Flame             Conj/Fire      1%         2d3       88%         4
 Summon Cactus Giant      Summ           0%         N/A       100%        6


Dungeon Overview and Level Annotations

Branches:
Dungeon (8/15)             Temple (1/1) D:4
   Lair: D:8-11

Altars:
Cheibriados
Dithmenos
Elyvilon
Fedhas
Gozag
Hepliaklqana
Kikubaaqudgha
Makhleb
Nemelex Xobeh
Qazlal
Sif Muna
Trog
Uskayaw
Wu Jian
Yredelemnul
The Shining One

Annotations:
D:7 1 runed translucent door, hemabe71's ghost, novice HuAr


Innate Abilities, Weirdness & Mutations

You are too large for most types of armour.
You have claws for hands.
Your natural rate of healing is unusually fast.
You are covered in fur. (AC +1)
You have tough skin. (AC +1)
You sometimes lose the ability to read scrolls when taking damage.


Message History

You scratch the two-headed ogre.
The two-headed ogre is heavily wounded.
A vampire mosquito comes into view.
You mangle the two-headed ogre!!
The two-headed ogre is almost dead.
A bullfrog comes into view.
The two-headed ogre hits you with a +0 giant spiked club.
The two-headed ogre barely misses you.
You claw the two-headed ogre!
You kill the two-headed ogre!
Cheibriados appreciates the change of pace.
Your Dodging skill increases to level 5!
Your Unarmed Combat skill increases to level 9!
Your Transmutations skill increases to level 2!
A manticore and a gnoll sergeant come into view.
The two-headed ogre hits you with a +0 giant club.
The two-headed ogre barely misses you.
Things that are here:
a +0 giant spiked club; a +0 giant spiked club; a two-headed ogre corpse You claw the two-headed ogre!
The two-headed ogre is moderately wounded.
The two-headed ogre hits you with a +0 giant club!!
You feel threatened and lose the ability to read scrolls!
The two-headed ogre hits you with a +0 giant club!
* * * LOW HITPOINT WARNING * * *
You are too injured to fight recklessly!
Unknown command.
Unknown command.
Okay, then.
Okay, then.
You cannot read scrolls in your current state!
Unknown command.
You cannot read scrolls in your current state!
Unknown command.
Unknown command.
It was a potion of curing.
You feel better.
The two-headed ogre hits you with a +0 giant club!!
* * * LOW HITPOINT WARNING * * *
The two-headed ogre hits you with a +0 giant club!
You die...

##......#
######
#.......#
#.
#..#..###
#. #..#..#
##
gH##....#
...#.
#....#
.yoD#....#
Fy##...#
#.#@..#
...##O...#
#.........#
#.##..##..#
....# #..#
###. #..#
#. #.!# #
#..# ....


You could see a two-headed ogre.

Vanquished Creatures
  A two-headed ogre (D:8)
  Sigmund (D:3)
  A water moccasin (D:7)
  An ice beast (D:7)
  2 sky beasts
  2 ogres (D:4)
  A centaur (D:8)
  A kobold brigand (D:6)
  2 bullfrogs
  2 scorpions
  11 killer bees
  5 howler monkeys
  3 hounds
  2 jellies
  A gnoll shaman (D:6)
  Jessica (D:3)
  Natasha (thrice) (D:2)
  Terence (D:3)
  2 iguanas (D:6)
  2 orc wizards
  Robin (D:2)
  11 gnolls
  4 adders
  A white imp (D:7)
  An ufetubus (D:4)
  3 dart slugs
  23 orcs
  9 ball pythons
  3 bats
  4 endoplasms
  2 giant cockroaches (D:1)
  13 goblins
  7 hobgoblins
  2 jackals (D:1)
  5 kobolds
  A quokka (D:4)
  5 frilled lizards
  3 rats
143 creatures vanquished.

Vanquished Creatures (others)
  A plant (Temple)
1 creature vanquished.

Grand Total: 144 creatures vanquished

Notes
Turn   | Place    | Note
-------+----------+-------------------------------------------
     0 | D:1      | Morbidden the Troll Gladiator began the quest for the Orb.
     0 | D:1      | Reached XP level 1. HP: 19/19 MP: 0/0
   188 | D:1      | Reached XP level 2. HP: 28/28 MP: 1/1
   386 | D:1      | Found a faded altar of an unknown god.
   677 | D:2      | You fall into a shaft and drop 2 floors!
   765 | D:4      | Reached skill level 4 in Unarmed Combat
   765 | D:4      | Reached XP level 3. HP: 16/35 MP: 2/2
   960 | D:4      | Reached XP level 4. HP: 42/42 MP: 3/3
  1003 | D:4      | Found a staircase to the Ecumenical Temple.
  1012 | Temple   | Entered the Ecumenical Temple
  1086 | Temple   | Became a worshipper of Cheibriados the Contemplative
  1279 | D:4      | Noticed an ogre
  1288 | D:4      | Killed an ogre
  1289 | D:4      | Reached XP level 5. HP: 42/49 MP: 4/4
  1340 | D:3      | Found a white marble altar of Elyvilon.
  1340 | D:3      | Noticed Jessica
  1342 | D:3      | Noticed Sigmund
  1343 | D:3      | Killed Jessica
  1344 | D:3      | Reached skill level 5 in Unarmed Combat
  1348 | D:3      | Killed Sigmund
  1349 | D:3      | Reached XP level 6. HP: 57/57 MP: 4/6
  1575 | D:3      | Found an ornate altar of the Wu Jian Council.
  1847 | D:3      | Noticed Terence
  1854 | D:3      | Killed Terence
  2158 | D:2      | Reached * piety under Cheibriados
  2457 | D:2      | Noticed Robin
  2457 | D:2      | Noticed Natasha
  2477 | D:2      | Killed Natasha
  2486 | D:2      | Killed Robin
  2493 | D:2      | Learned a level 1 spell: Sting
  2495 | D:2      | Learned a level 1 spell: Beastly Appendage
  2628 | D:2      | Noticed Natasha
  2631 | D:2      | Killed Natasha
  2632 | D:2      | Reached skill level 6 in Unarmed Combat
  2632 | D:2      | Reached skill level 1 in Invocations
  2717 | D:2      | Identified the +1 robe of Vuff {MP+9}
  2943 | D:2      | Noticed Natasha
  2950 | D:2      | Killed Natasha
  2951 | D:2      | Reached skill level 1 in Spellcasting
  4529 | D:4      | Reached ** piety under Cheibriados
  4530 | D:4      | Reached XP level 7. HP: 47/66 MP: 7/7
  4603 | D:4      | Found a shimmering blue altar of Sif Muna.
  4617 | D:4      | Found a blossoming altar of Fedhas.
  4661 | D:5      | Entered Level 5 of the Dungeon
  5434 | D:6      | Reached skill level 7 in Unarmed Combat
  5466 | D:6      | Reached XP level 8. HP: 73/74 MP: 9/9
  5479 | D:6      | Reached skill level 1 in Transmutations
  5479 | D:6      | Reached skill level 1 in Poison Magic
  5686 | D:6      | Reached *** piety under Cheibriados
  5723 | D:6      | Found a bloodstained altar of Trog.
  5737 | D:6      | Found an ancient bone altar of Kikubaaqudgha.
  6278 | D:7      | Reached skill level 8 in Unarmed Combat
  6301 | D:7      | Gained mutation: You sometimes lose the ability to read
                  | scrolls when taking damage. [potion of mutation]
  6326 | D:7      | Reached XP level 9. HP: 22/81 MP: 9/11
  6328 | D:7      | Reached **** piety under Cheibriados
  6721 | D:7      | Found a runed translucent door.
  6731 | D:7      | Noticed hemabe71's ghost (novice HuAr)
  7180 | D:8      | Reached skill level 1 in Stealth
  7314 | D:8      | Noticed a two-headed ogre
  7316 | D:8      | Noticed a two-headed ogre
  7321 | D:8      | Killed a two-headed ogre
  7322 | D:8      | Reached skill level 5 in Dodging
  7322 | D:8      | Reached skill level 9 in Unarmed Combat
  7322 | D:8      | Noticed a manticore
  7325 | D:8      | Mangled by a two-headed ogre

Illustrated notes

Levels and vault maps discovered:
D:1:      dpeg_arrival_three_same_balls, layout_basic,
          nicolae_ecumenical_snake_handling
D:2:      layout_loops_corners, small_statue_intersection,
          hangedman_glass_teeth, uniq_natasha, uniq_robin
D:3:      layout_loops_cross, nzn_wu_jian_council_hall, old_standard_altar,
          uniq_terence, uniq_sigmund, uniq_jessica
D:4:      layout_basic, minitemple, temple_hall
D:5:      layout_loops_ring
D:6:      layout_loops_cross, nicolae_overflow_squiral, minmay_holes
D:7:      layout_loops_ring, ebering_ghost_reflecting_pool
D:8:      layout_basic, mainiacjoe_overflow_brackets,
          gammafunk_temple_overflow_elements, zin_treasury,
          hangedman_decor_growths, minmay_pinched_square
Temple:   cyrus_temple_forest

Skill      XL: |  1  2  3  4  5  6  7  8  9 |
---------------+----------------------------+-----
Unarmed Combat | 4 5 6 7 8 9 |  9.2
Dodging        | 3 4 5 |  5.1
Fighting       | 2 3 |  3.4
Invocations    | 1 2 3 |  3.4
Spellcasting   | 1 2 |  2.2
Transmutations | 1 2 |  2.0
Poison Magic   | 1 2 |  2.3
Throwing       | 2 |  2.1
Stealth        | 1 |  1.0

Action                   |  1- 3 |  4- 6 |  7- 9 || total
-------------------------+-------+-------+-------++-------
Melee: Unarmed           |    68 |    98 |   179 ||   345
       Punch             |     1 |     2 |     3 ||     6
       Kick              |       |       |     1 ||     1
Throw: Boomerang         |       |       |     7 ||     7
 Cast: Beastly Appendage |       |     1 |     2 ||     3
  Use: Scroll            |       |       |     8 ||     8
       Potion            |       |       |     2 ||     2
 Stab: Sleeping          |       |     1 |     1 ||     2
Armor: Robe              |    21 |    23 |    48 ||    92
Dodge: Dodged            |    38 |    55 |   169 ||   262

Table legend: (Time is in decaauts)
 A = Elapsed time spent in this place.
 B = Non-inter-level travel time spent in this place.
 C = Inter-level travel time spent in this place.
 D = Time resting spent in this place.
 E = Time spent auto-exploring this place.
 F = Levels seen in this place.
 G = Mean time per level.
                   A        B        C        D        E       F      G
               +--------+--------+--------+--------+--------+-----+--------+
         Total |   9882 |   9245 |    637 |    259 |   7932 |   9 | 1098.0 |
       Dungeon |   9780 |   9170 |    610 |    259 |   7900 |   8 | 1222.5 |
        Temple |    102 |     76 |     26 |      0 |     32 |   1 |  102.0 |
               +--------+--------+--------+--------+--------+-----+--------+

Top non-repeatable levels by time:
     D:2: 3368 daAuts
     D:6: 1319 daAuts
     D:7: 1317 daAuts
     D:5: 979 daAuts
     D:3: 968 daAuts
     D:4: 941 daAuts
     D:1: 592 daAuts
     D:8: 293 daAuts
  Temple: 102 daAuts
